 Dungeon Crawl Stone Soup version 0.20.0-3-g22ec75f (webtiles) character file.

1650043 Welfe the Sniper (level 27, 216/216 HPs)
             Began as a Minotaur Berserker on May 26, 2017.
             Was a High Priest of Trog.
             Escaped with the Orb
             ... and 3 runes on May 27, 2017!
             The game lasted 04:17:30 (75907 turns).

Welfe the Sniper (Minotaur Berserker)              Turns: 75907, Time: 04:17:31

Health: 216/216    AC: 51    Str: 26    XL:     27
Magic:  35/35      EV: 23    Int:  2    God:    Trog [*****.]
Gold:   5277       SH:  0    Dex: 27    Spells: 26/26 levels left

rFire    + + .     SeeInvis +   d - +9 triple crossbow of Gozag's Righteous Fury {elec, SInv}
rCold    + + .     Gourm    +   (shield currently unavailable)
rNeg     . . .     Faith    .   o - +9 scales of the Dragon King {rPois rF+ rC+ MR+}
rPois    +         Spirit   .   K - +2 hat
rElec    +         Reflect  .   v - +2 cloak
rCorr    +         Harm     .   w - +2 pair of gloves
MR       +++..     Clarity  +   R - +0 pair of boots "Fidyc Ogga" {rElec rC+} Stlth ..........Rnd*Tele +
                                k - amulet of the gourmand
Regen    0.5/turn               C - ring of Igiosam {+Blink rElec MP+9 Int-3 Slay+5}
MPRegen  0.3/turn               Z - ring "Lopneip" {rCorr rF+ Str+2 Dex+7}

@: hasted (expiring), very quick
A: retaliatory headbutt, horns 2, thin metallic scales 1, yellow scales 1,
clarity, deterioration 1, frail 2, screaming 3, teleportitis 1, MP-powered wands
0: Orb of Zot
}: 3/15 runes: serpentine, barnacled, silver
a: Berserk, Trog's Hand, Brothers in Arms, Burn Spellbooks, Renounce Religion,
Evoke Blink


You escaped.
You worshipped Trog.
Trog was extremely pleased with you.
You were not hungry.

You visited 8 branches of the dungeon, and saw 46 of its levels.
You also visited: Labyrinth.

You collected 7740 gold pieces.
You spent 2463 gold pieces at shops.

Inventory:

Hand Weapons
 a - a +7 antimagic battleaxe
 d - the +9 triple crossbow of Gozag's Righteous Fury (weapon) {elec, SInv}
   (You found it in a labyrinth)

   It charges the ammunition it shoots with electricity; occasionally upon a
   hit, such missiles may discharge and cause terrible harm.
   It lets you see invisible.
 s - a +8 vampiric battleaxe {!w}
Missiles
 V - 1593 bolts (quivered)
Armour
 o - the +9 scales of the Dragon King (worn) {rPois rF+ rC+ MR+}
   (You took it off a yaktaur captain on level 5 of the Vaults)

   It protects you from fire.
   It protects you from cold.
   It protects you from poison.
   It affects your resistance to hostile enchantments.
 p - a +2 pair of boots of flying
 v - a +2 cloak (worn)
 w - a +2 pair of gloves (worn)
 K - a +2 hat (worn)
 R - the +0 pair of boots "Fidyc Ogga" (worn) {rElec rC+}
   (You found it on level 2 of the Realm of Zot)

   It protects you from cold.
   It insulates you from electricity.
Jewellery
 k - an amulet of the gourmand (around neck)
 C - the ring of Igiosam (left hand) {+Blink rElec MP+9 Int-3 Slay+5}
   (You found it on level 2 of the Depths)

   [ring of magical power]

   It affects your intelligence (-3).
   It affects your accuracy and damage with ranged weapons and melee attacks
   (+5).
   It insulates you from electricity.
   It affects your magic capacity (+9).
   It lets you blink.
 F - an uncursed ring of protection from fire
 I - the ring of Royalty {+Fly rF+++ rC++ Int-4}
   (You took it off a yaktaur captain on level 5 of the Vaults)

   [ring of flight]

   It affects your intelligence (-4).
   It renders you almost immune to fire.
   It greatly protects you from cold.
   It lets you fly.
 Q - an uncursed ring of stealth {unknown}
 Z - the ring "Lopneip" (right hand) {rCorr rF+ Str+2 Dex+7}
   (You bought it in a shop on level 4 of the Shoals)

   [ring of resist corrosion]

   It affects your strength (+2).
   It affects your dexterity (+7).
   It protects you from fire.
Wands
 l - a wand of flame (28/48)
 D - a wand of digging (23/24)
 E - a wand of iceblast (9/15)
 N - a wand of lightning (7/15)
 O - a wand of confusion (26/48)
 Y - a wand of confusion (18/48)
Scrolls
 b - 21 scrolls of remove curse
 e - 3 scrolls of fear
 f - 3 scrolls of fog
 i - 9 scrolls of identify
 r - 9 scrolls of recharging
 t - 15 scrolls of teleportation
 u - a scroll of enchant weapon
 y - 2 scrolls of immolation {!r}
 A - a scroll of holy word {!r}
 B - 3 scrolls of blinking {!r}
 H - 2 scrolls of magic mapping {!r}
 P - 3 scrolls of enchant armour
Potions
 h - a potion of haste
 m - 17 potions of curing
 n - a potion of cancellation
 x - a potion of invisibility
 G - 6 potions of brilliance
 L - a potion of ambrosia
 M - a potion of magic
 S - 2 potions of flight
 T - 3 potions of agility
 X - a potion of might
Miscellaneous
 j - 3 phantom mirrors
 U - a phial of floods
Comestibles
 c - 29 bread rations
 q - 18 fruits
 z - 10 royal jellies
 J - 12 meat rations


   Skills:
 * Level 26.3 Fighting
 + Level 20.4 Axes
 + Level 26.5 Crossbows
 - Level 6.4 Throwing
 * Level 26.3 Armour
 + Level 20.4 Dodging
 - Level 5.6 Evocations


You had 26 spell levels left.
You didn't know any spells.

Dungeon Overview and Level Annotations

Branches:
Dungeon (15/15)            Temple (0/1) D:5            Lair (6/6) D:11
 Shoals (4/4) Lair:3        Snake (4/4) Lair:4        Slime (0/5) Lair:6
    Orc (2/2) D:10            Elf (0/3) Orc:2        Vaults (5/5) D:14
  Crypt (0/3) Vaults:2     Depths (5/5) D:15            Zot (5/5) Depths:5

Altars:
Ashenzari
Cheibriados
Dithmenos
Fedhas
Gozag
Kikubaaqudgha
Nemelex Xobeh
Okawaru
Qazlal
Ru
Vehumet
The Shining One
Beogh
Jiyva

Shops:
D:5 *   Orc:2 %[(=   Depths:1 !

Portals:
Hell: Depths:1 Depths:2 Depths:3 Depths:4 Depths:5
Abyss: Depths:1 Depths:2 Depths:3 Depths:4
Pandemonium: Depths:2 Depths:3
Ziggurat: Depths:2
Trove: Vaults:2 (give 15 scrolls of teleportation)


Innate Abilities, Weirdness & Mutations

You reflexively headbutt those who attack you in melee.
You have a pair of horns on your head.
You are partially covered in thin metallic scales. (AC +2)
You are partially covered in yellow scales. (AC +2)
You possess an exceptional clarity of mind.
Your body sometimes deteriorates upon taking damage.
You are very frail. (-20% HP)
You frequently scream uncontrollably at your foes.
You are occasionally teleported next to monsters.
You expend magic power (3 MP) to strengthen your wands.


Message History

(P) Snake Pit (M) Slime Pits (O) Orcish Mines (E) Elven Halls (V) Vaults (C) Crypt (U) Depths (H) Hell (Z) Zot
Where to? (Enter - D:1, ? - help)
There is a stone staircase leading up here.
You climb upwards.
There is a stone staircase leading down here.
There is a stone staircase leading up here.
You climb upwards.
There is a stone staircase leading down here.
A stone staircase leading down.
This square is covered in magical glow.
An orange demon, a soul eater and a pandemonium lord come into view.
You scream at Iheto!
You feel yourself speed up.
The orange demon screeches!
There is a large open door here.
There is a staircase leading out of the dungeon here.
Your extra speed is starting to run out.
You have escaped!

#.#############.#.#.#
##### ##### #.#.#.#
#§§§§§§### #.#.#.#
≈≈§≈≈§≈§≈###.#.#.#
§≈≈≈#§≈§≈≈##.#.#.#
≈≈≈§§≈≈≈§##.#.#.#
≈≈§§≈≈#≈≈#.#.#.###
####≈§≈≈§#.#......
#@..§.§§§'...#.###
#.....§§§'.###.###
####≈§≈≈§### #....
≈≈§§≈#§§# #####
≈≈§§§≈≈≈## ≈≈≈#§§§§≈#
§≈≈≈≈≈≈≈## §§≈≈≈≈###


There were no monsters in sight!

Vault maps used:
D:1:      lightli_molten_gateway, minmay_pentomino_r2
D:2:      grunt_temple_overflow_opulence, gammafunk_temple_overflow_elements,
          moated_statue
D:3:      uniq_terence, uniq_ijyb
D:4:      tso_metal_star, fedhas_altar_4, nicolae_ru_sacrificial_ziggurat,
          first_bread, grunt_ministairs_5, uniq_pikel
D:5:      vehumet_crystals, temple_green, serial_shops, shop_fountains,
          serial_bayou_pond_a, hangedman_decor_opposing,
          okawaru_ov_weapons_minmay
D:6:      cheibrodos_ashenzari_chains, basic_altar
D:7:      grunt_decor_clamped, uniq_menkaure
D:8:      kiku_gazebo_pond_becter, uniq_erica
D:9:      serial_undead, serial_undead_c, serial_undead_b, serial_undead_a,
          serial_undead_f
D:10:     hangedman_cross_stitches, zombieorc2_lemuel, uniq_josephine
D:11:     lair_entry_dummy
D:12:     special_room, grunt_ministairs_11, grunt_livestock,
          minmay_joined_circles
D:13:     lab_entry_generic, portal_ice_cave_entry_imps
D:14:     wad_pebble_path, david_vaults_4, kennysheep_boxes
D:15:     hangedman_depths_entry_civil_slaughter, lemuel_doored_altar,
          uniq_rupert
Lair:1:   grunt_megastairs_5, uniq_gastronok
Lair:2:   nicolae_lair_grove_arrangements
Lair:3:   minmay_shoals_entry_centaurs
Lair:4:   guppyfry_snake_entry_garden, kennysheep_rathole, grunt_megastairs_1
Lair:5:   serial_bayou_shore_b, grunt_megastairs_4, uniq_kirke
Lair:6:   gammafunk_lair_ancient_temple, slime_altar_1, special_room
Shoals:3: wheals_shoals_ruined_temple
Shoals:4: shoals_end_grunt_ice, shoals_ilsuiw_ice, serial_shops,
          nicolae_shop_behind_doors, yaktaur_hedge
Snake:1:  lemuel_fruit_tree, serial_bayou_shore_b, serial_bayou_shore_a
Snake:2:  uniq_aizul, uniq_nikola, uniq_agnes
Snake:3:  onia_ninara_swampy_vault
Snake:4:  grunt_snake_rune_pools, spider_trap, st_stairs_14, grunt_ministairs_5
Orc:1:    serial_shops, shop_coins, uniq_snorg
Orc:2:    grunt_orc_community_town_hall, grunt_orc_community_big_house_2,
          grunt_orc_community_big_house_2, grunt_orc_community_house_2,
          grunt_orc_community_house_2, grunt_orc_community_house_1,
          grunt_orc_community_house_2, nicolae_orc_damp_corner, uniq_azrael
Vaults:1: vaults_mumra_chevron_long, vaults_dpeg_ring,
          nicolae_vaults_what_the_h, vaults_room_pool, v_rooms_6,
          st_smaller_cells, v_misc_22
Vaults:2: hangedman_vaults_unwind, hangedman_vaults_corner_blocks,
          vaults_mumra_minichess, minmay_crypt_entry_simple_round,
          vaults_room_hallway, st_squares, grunt_vaults_funnel,
          nicolae_vaults_little_ls, hangedman_vaults_impose, v_rooms_4,
          v_misc_4, nicolae_vaults_big_ls, v_misc_19,
          nicolae_trove_entry_crossroad, uniq_saint_roka
Vaults:3: vaults_mumra_hexcomb, nicolae_vaults_network_s,
          vaults_room_grunt_arrival_ludios, vaults_dpeg_hooks,
          grunt_vaults_hallway_short, ontoclasm_vaults_shuriken,
          nicolae_vaults_little_squares_2, vaults_room_fours,
          nicolae_vaults_mini_display_case, v_misc_13, v_misc_10,
          vaults_room_octagon, nicolae_vaults_specimen_jars, uniq_sojobo,
          uniq_margery
Vaults:4: nicolae_vaults_inception_scallops, nicolae_vaults_little_squares_2,
          nicolae_vaults_display_case, v_misc_27, vaults_dpeg_spiral,
          ontoclasm_vaults_misaligned, grunt_vaults_focal,
          nicolae_vaults_diagonal_hallway_6, v_misc_27, hangedman_vaults_cutoff,
          v_misc_15, vaults_room_pool, nicolae_vaults_sealed_display,
          mu_enter_wizlab_1, uniq_donald
Vaults:5: serial_shops
Depths:1: hellmouth_3, roderic_aztec_sauvastika, serial_shops,
          nicolae_shop_window_shopping, abyss_entry, hangedman_feature_mirror,
          grunt_decor_resistance, grunt_decor_mini_mirrors, hex_tiny,
          grunt_ministairs_4, lemuel_old_faithful
Depths:2: radiant_caverns_a_rkd, hell_entry, abyss_entry, pan_entry
Depths:3: hourglass_vault, hangedman_abyss_entry_splay, rand_demon_pan_entry_3,
          minmay_crystal_room, hell_entry, hangedman_decor_lopped
Depths:4: thingy_vault, abyss_entry_small_statue_room, hell_entry,
          hangedman_abyss_or_decor_stabs, infiniplex_staircase_zigzag_5
Depths:5: evilmike_zot_entry_diamond, hangedman_coc_ice_floe, serial_sigils,
          serial_sigils_hangedman_leer, serial_sigils_hangedman_stare,
          serial_sigils_hangedman_confine, serial_sigils_hangedman_writhe,
          serial_sigils_hangedman_carve, serial_sigils_hangedman_gut,
          uniq_jorgrun, uniq_enchantress, uniq_boris
Zot:1:    st_single_dragon_hoard_4
Zot:4:    infiniplex_zot_generator
Zot:5:    st_stairs_8, grunt_ministairs_2
Lab:      nicolae_lab_grate_2

Notes
Turn   | Place    | Note
-------+----------+-------------------------------------------
     0 | D:1      | Welfe the Minotaur Berserker began the quest for the Orb.
     0 | D:1      | Reached XP level 1. HP: 19/19 MP: 0/0
    93 | D:1      | Reached skill level 4 in Axes
   148 | D:1      | Reached XP level 2. HP: 25/26 MP: 1/1
   249 | D:1      | Reached ** piety under Trog
   249 | D:1      | Reached skill level 5 in Axes
   472 | D:1      | Reached XP level 3. HP: 31/31 MP: 2/2
   579 | D:1      | Identified a +0 ring mail (You found it on level 1 of the Dungeon)
   866 | D:2      | Reached skill level 6 in Axes
   866 | D:2      | Reached XP level 4. HP: 39/39 MP: 3/3
   928 | D:2      | Found an opulent altar of Gozag.
   929 | D:2      | Found a sparkling altar of Nemelex Xobeh.
   998 | D:2      | Identified a +0 chain mail (You found it on level 2 of the Dungeon)
  1473 | D:2      | Found a snail-covered altar of Cheibriados.
  1473 | D:2      | Found a shadowy altar of Dithmenos.
  1626 | D:3      | Reached *** piety under Trog
  1629 | D:3      | Reached skill level 7 in Axes
  1629 | D:3      | Reached XP level 5. HP: 45/45 MP: 4/4
  1845 | D:3      | Noticed Ijyb
  1855 | D:3      | Killed Ijyb
  1965 | D:3      | Noticed Terence
  1973 | D:3      | Killed Terence
  2087 | D:3      | Reached skill level 8 in Axes
  2087 | D:3      | Reached XP level 6. HP: 48/51 MP: 5/5
  2126 | D:4      | Noticed a water moccasin
  2129 | D:4      | Killed a water moccasin
  2137 | D:4      | Reached skill level 9 in Axes
  2451 | D:4      | Reached **** piety under Trog
  2451 | D:4      | Reached XP level 7. HP: 37/57 MP: 6/6
  2649 | D:4      | Noticed Pikel
  2663 | D:4      | Killed Pikel
  2663 | D:4      | Reached skill level 11 in Axes
  2663 | D:4      | Reached XP level 8. HP: 64/64 MP: 7/7
  2727 | D:4      | Noticed Unholydonuts's ghost (amateur MiBe)
  2737 | D:5      | Entered Level 5 of the Dungeon
  2860 | D:5      | Found a radiant altar of Vehumet.
  2879 | D:5      | Reached skill level 12 in Axes
  3117 | D:5      | Found a staircase to the Ecumenical Temple.
  3138 | D:5      | Identified 2 potions of brilliance
  3148 | D:5      | HP: 16/96 [orc warrior/dire flail (15)]
  3428 | D:5      | Found Umodd's Assorted Antiques.
  3436 | D:5      | Identified 6 scrolls of teleportation
  3437 | D:5      | Identified 2 scrolls of remove curse
  3438 | D:5      | Identified 2 scrolls of identify
  3438 | D:5      | Identified a potion of lignification
  3439 | D:5      | Identified a scroll of enchant armour
  3440 | D:5      | Identified a scroll of vulnerability
  3441 | D:5      | Identified a scroll of recharging
  3442 | D:5      | Identified a scroll of noise
  3443 | D:5      | Identified a scroll of immolation
  3675 | D:5      | Found an iron altar of Okawaru.
  3958 | D:4      | Reached skill level 13 in Axes
  4070 | D:4      | Found a glowing golden altar of the Shining One.
  4231 | D:4      | Found a sacrificial altar of Ru.
  4257 | D:4      | Killed Unholydonuts's ghost
  4540 | D:4      | Found a blossoming altar of Fedhas.
  4851 | D:6      | Found a stormy altar of Qazlal.
  4903 | D:6      | Found a shattered altar of Ashenzari.
  5132 | D:6      | Identified a potion of haste
  5133 | D:6      | Identified 4 potions of curing
  5134 | D:6      | Identified a potion of berserk rage
  5141 | D:6      | Reached XP level 9. HP: 56/70 MP: 8/8
  5692 | D:6      | Reached skill level 14 in Axes
  6542 | D:7      | Identified a scroll of amnesia
  6576 | D:7      | Identified a +2 pair of boots of flying (You found it on level 7 of the Dungeon)
  6636 | D:7      | Noticed Menkaure
  6654 | D:7      | Killed Menkaure
  6707 | D:7      | Reached skill level 4 in Fighting
  6758 | D:7      | Reached skill level 3 in Armour
  7196 | D:8      | Reached skill level 3 in Dodging
  7244 | D:8      | Found an ancient bone altar of Kikubaaqudgha.
  7261 | D:8      | Identified a +0 cloak (You found it on level 8 of the Dungeon)
  7690 | D:8      | Noticed a two-headed ogre
  7696 | D:8      | Killed a two-headed ogre
  7696 | D:8      | Reached skill level 5 in Fighting
  7696 | D:8      | Reached skill level 5 in Armour
  7696 | D:8      | Reached skill level 4 in Dodging
  8131 | D:8      | Identified a ring of positive energy (You found it on level 8 of the Dungeon)
  8202 | D:8      | Noticed Sarmenti's ghost (novice MfGl)
  8212 | D:8      | Killed Sarmenti's ghost
  8212 | D:8      | Reached skill level 6 in Fighting
  8212 | D:8      | Reached skill level 5 in Dodging
  8212 | D:8      | Reached XP level 10. HP: 84/84 MP: 9/9
  8223 | D:8      | Noticed Erica
  8250 | D:8      | Killed Erica
  8250 | D:8      | Reached skill level 7 in Fighting
  8250 | D:8      | Reached skill level 6 in Armour
  8515 | D:8      | Noticed a two-headed ogre
  8525 | D:8      | Killed a two-headed ogre
  8525 | D:8      | Reached skill level 7 in Armour
  8525 | D:8      | Reached skill level 6 in Dodging
  8703 | D:9      | Reached ***** piety under Trog
  8714 | D:9      | Identified a potion of degeneration
  8715 | D:9      | Identified a potion of invisibility
  8942 | D:8      | Identified a scroll of fog
  8943 | D:8      | Identified 3 scrolls of blinking
  8944 | D:8      | Identified a scroll of magic mapping
  9021 | D:9      | Reached skill level 8 in Fighting
  9250 | D:9      | Reached skill level 7 in Dodging
  9254 | D:9      | Reached skill level 8 in Armour
  9306 | D:9      | Identified a ring of magical power (You found it on level 9 of the Dungeon)
  9903 | D:9      | Identified a +0 plate armour (You took it off an orc warrior on level 9 of the Dungeon)
  9928 | D:9      | Noticed a two-headed ogre
  9943 | D:9      | Killed a two-headed ogre
  9943 | D:9      | Reached XP level 11. HP: 95/95 MP: 10/10
 10167 | D:9      | Reached skill level 9 in Fighting
 10257 | D:10     | Entered Level 10 of the Dungeon
 10286 | D:10     | Reached skill level 8 in Dodging
 10408 | D:10     | Identified a scroll of fear
 10409 | D:10     | Identified a scroll of holy word
 10410 | D:10     | Identified a scroll of enchant weapon
 10426 | D:10     | Reached skill level 9 in Armour
 10440 | D:10     | Noticed Josephine
 10679 | D:10     | Noticed a two-headed ogre
 10729 | D:9      | HP: 22/97 [two-headed ogre/giant spiked club (21)]
 10733 | D:9      | Identified 2 potions of heal wounds
 10737 | D:9      | Killed a two-headed ogre
 11035 | D:10     | Killed Josephine
 11037 | D:10     | Reached skill level 10 in Fighting
 11051 | D:10     | Reached skill level 1 in Evocations
 11185 | D:10     | Reached skill level 2 in Evocations
 11213 | D:10     | Got a slimy dagger
 11337 | D:10     | Noticed a two-headed ogre
 11349 | D:10     | Killed a two-headed ogre
 11349 | D:10     | Reached skill level 3 in Evocations
 11352 | D:10     | Identified a +0 troll leather armour
 11407 | D:10     | Found a staircase to the Orcish Mines.
 11420 | D:10     | Reached skill level 4 in Evocations
 11516 | D:10     | Received a gift from Trog
 11522 | D:10     | Identified a +5 antimagic battleaxe (Trog gifted it to you on level 10 of the Dungeon)
 11705 | D:10     | Reached skill level 5 in Evocations
 11712 | D:10     | Killed an unseen horror
 11833 | D:11     | Reached skill level 1 in Throwing
 11837 | D:11     | Reached skill level 2 in Throwing
 11840 | D:11     | Reached XP level 12. HP: 65/106 MP: 8/15
 11852 | D:11     | Noticed a two-headed ogre
 11858 | D:11     | Killed a two-headed ogre
 11858 | D:11     | Reached skill level 3 in Throwing
 12082 | D:11     | Identified an amulet of rage (You found it on level 11 of the Dungeon)
 12124 | D:11     | Reached skill level 4 in Throwing
 12215 | D:11     | Reached skill level 5 in Throwing
 12339 | D:11     | Noticed a two-headed ogre
 12347 | D:11     | Killed a two-headed ogre
 12347 | D:11     | Reached skill level 6 in Throwing
 12540 | D:11     | Identified a +1 morningstar of flaming (You took it off an orc on level 10 of the Dungeon)
 12541 | D:11     | Identified 2 scrolls of brand weapon
 12666 | D:11     | Reached skill level 15 in Axes
 12800 | D:11     | Found a staircase to the Lair.
 12922 | D:12     | Noticed a tengu warrior
 12930 | D:12     | Killed a tengu warrior
 12972 | D:12     | Reached skill level 16 in Axes
 13212 | D:12     | Received a gift from Trog
 13423 | D:12     | Noticed a two-headed ogre
 13434 | D:12     | Killed a two-headed ogre
 13585 | D:12     | Identified a +2 battleaxe (You took it off a tengu warrior on level 12 of the Dungeon)
 13640 | D:12     | Received a gift from Trog
 13901 | D:12     | Identified a +2 antimagic battleaxe (Trog gifted it to you on level 12 of the Dungeon)
 13921 | D:12     | Reached skill level 17 in Axes
 14109 | D:12     | Noticed a tengu warrior
 14122 | D:12     | Killed a tengu warrior
 14238 | D:12     | Reached XP level 13. HP: 110/113 MP: 8/16
 14265 | D:12     | Identified a +0 troll leather armour
 14288 | D:12     | Got a smelly ring mail
 14290 | D:12     | Identified a scroll of random uselessness
 14366 | D:12     | Identified the +4 ring mail "Baw Noro" {MR- Dex+8 SInv} (You found it on level 12 of the Dungeon)
 15041 | D:13     | Reached skill level 18 in Axes
 15155 | D:13     | Found a labyrinth entrance.
 15176 | Lab      | Entered a labyrinth
 15874 | Lab      | Noticed a minotaur
 15878 | Lab      | Killed a minotaur
 15884 | Lab      | Got a faintly glowing short sword
 15884 | Lab      | Got a translucent rapier
 15884 | Lab      | Got a crude triple crossbow
 15884 | Lab      | Got a warped graven amulet
 15888 | D:13     | Identified the amulet of Jamm {Spirit Int+6} (You found it in a labyrinth)
 15890 | D:13     | Identified a ring of wizardry (You found it in a labyrinth)
 15892 | D:13     | Identified a ring of protection from fire (You found it in a labyrinth)
 15906 | D:13     | Identified a +0 plate armour (You found it in a labyrinth)
 15911 | D:13     | Identified the +9 triple crossbow of Gozag's Righteous Fury {elec, SInv} (You found it in a labyrinth)
 15989 | D:13     | Reached skill level 1 in Crossbows
 16039 | D:13     | Reached skill level 2 in Crossbows
 16400 | D:12     | Reached skill level 3 in Crossbows
 16986 | D:9      | Received a gift from Trog
 17069 | D:9      | Reached skill level 4 in Crossbows
 17137 | Lair:1   | Entered Level 1 of the Lair of Beasts
 17469 | Lair:1   | Reached skill level 5 in Crossbows
 17609 | Lair:1   | Identified an amulet of the gourmand (You found it on level 1 of the Lair of Beasts)
 17915 | Lair:1   | Reached skill level 6 in Crossbows
 18261 | Lair:1   | Reached skill level 19 in Axes
 18317 | Lair:1   | Noticed Gastronok
 18337 | Lair:1   | Killed Gastronok
 18382 | Lair:1   | Identified a +2 hat (You took it off Gastronok on level 1 of the Lair of Beasts)
 18790 | Lair:2   | Reached skill level 7 in Crossbows
 19511 | Lair:2   | Reached XP level 14. HP: 121/121 MP: 5/17
 20049 | Lair:3   | Found a staircase to the Shoals.
 20286 | Lair:3   | Reached skill level 8 in Crossbows
 20449 | Lair:3   | Identified a ring of poison resistance (You found it on level 1 of the Lair of Beasts)
 20452 | Lair:3   | Identified a scroll of summoning
 20453 | Lair:3   | Identified an amulet of inaccuracy (You found it on level 3 of the Lair of Beasts)
 21444 | Lair:4   | Found a staircase to the Snake Pit.
 21960 | Lair:5   | Reached skill level 9 in Crossbows
 22167 | Lair:5   | Noticed Sarmenti's ghost (journeyman MiFi)
 22181 | Lair:5   | Killed Sarmenti's ghost
 22181 | Lair:5   | Reached skill level 20 in Axes
 22427 | Lair:5   | Noticed Kirke
 22447 | Lair:5   | Killed Kirke
 22447 | Lair:5   | Reached skill level 10 in Crossbows
 22491 | Lair:5   | Got a jacinth-encrusted ring mail
 22790 | Lair:6   | Entered Level 6 of the Lair of Beasts
 22791 | Lair:6   | Received a gift from Trog
 22985 | Lair:6   | Reached skill level 11 in Crossbows
 23105 | Lair:6   | HP: 30/121 [harpy (5)]
 23551 | Lair:6   | Reached skill level 12 in Crossbows
 23715 | Lair:6   | Identified a scroll of torment
 23806 | Lair:6   | Received a gift from Trog
 24308 | Lair:6   | Found a staircase to the Slime Pits.
 24310 | Lair:6   | Found a viscous altar of Jiyva.
 24412 | Lair:6   | Reached skill level 13 in Crossbows
 24412 | Lair:6   | Reached XP level 15. HP: 126/126 MP: 18/18
 24450 | Lair:6   | Received a gift from Trog
 24935 | D:12     | Reached skill level 9 in Dodging
 25212 | D:13     | Received a gift from Trog
 25219 | D:13     | Reached skill level 10 in Armour
 25258 | D:13     | Identified an amulet of faith (You found it on level 4 of the Lair of Beasts)
 25260 | D:13     | Identified a ring of flight (You took it off a crimson imp on level 12 of the Dungeon)
 25638 | D:14     | Received a gift from Trog
 26030 | D:14     | Identified a potion of mutation
 26030 | D:14     | Gained mutation: You evolve. [potion of mutation]
 26030 | D:14     | Gained mutation: You are clumsy. (Dex -2) [potion of mutation]
 26030 | D:14     | Gained mutation: Scrolls take you a little longer to read. [potion of mutation]
 26030 | D:14     | Lost mutation: You are clumsy. (Dex -2) [potion of mutation]
 26031 | D:14     | Identified a potion of agility
 26032 | D:14     | Identified a potion of magic
 26033 | D:14     | Identified a potion of ambrosia
 26034 | D:14     | Identified a potion of might
 26035 | D:14     | Identified a potion of cancellation
 26148 | D:14     | Found a gate to the Vaults.
 26362 | D:14     | Lost mutation: Scrolls take you a little longer to read. [potion of mutation]
 26362 | D:14     | Lost mutation: You evolve. [potion of mutation]
 26362 | D:14     | Gained mutation: You possess an exceptional clarity of mind. [potion of mutation]
 26362 | D:14     | Gained mutation: You occasionally shout uncontrollably at your foes. [potion of mutation]
 26362 | D:14     | Gained mutation: You are partially covered in yellow scales. (AC +2) [potion of mutation]
 26471 | D:14     | Received a gift from Trog
 26592 | D:15     | Entered Level 15 of the Dungeon
 26676 | D:14     | Identified a +0 troll leather armour
 26676 | D:14     | Reached skill level 11 in Fighting
 26922 | D:14     | Reached skill level 11 in Armour
 26925 | D:14     | Reached skill level 10 in Dodging
 27342 | D:15     | Identified the +1 ring mail of the Beggar {rElec rC- Regen+ Dex+3} (You found it on level 5 of the Lair of Beasts)
 27354 | D:15     | Identified a ring of protection (You found it on level 13 of the Dungeon)
 27806 | D:15     | Found a blossoming altar of Fedhas.
 27948 | D:15     | Received a gift from Trog
 27951 | D:15     | Noticed Rupert
 27964 | D:15     | Killed Rupert
 27986 | D:15     | Identified a +0 battleaxe of draining (You took it off Rupert on level 15 of the Dungeon)
 28182 | D:15     | Received a gift from Trog
 28193 | D:15     | Reached skill level 12 in Fighting
 28240 | D:15     | Found a staircase to the Depths.
 28514 | Depths:1 | Entered Level 1 of the Depths
 28543 | D:15     | Reached skill level 11 in Dodging
 28813 | Depths:1 | Reached skill level 12 in Armour
 29031 | Depths:1 | Identified a +0 troll leather armour
 29197 | Depths:1 | Reached XP level 16. HP: 114/139 MP: 6/19
 29457 | Depths:1 | HP: 47/210 [ettin/great mace of draining (14)]
 29860 | Depths:1 | Received a gift from Trog
 29883 | Depths:1 | Got a warped arbalest {god gift}
 29900 | Depths:1 | Identified a +0 troll leather armour
 29939 | Depths:1 | HP: 35/141 [deep troll shaman (2)]
 30315 | Depths:1 | Reached skill level 13 in Fighting
 30481 | Depths:1 | Reached skill level 13 in Armour
 30518 | Depths:1 | Got an ebony quarterstaff
 30558 | Depths:1 | Reached skill level 12 in Dodging
 30577 | Depths:1 | Identified a +0 troll leather armour
 30863 | Depths:1 | Received a gift from Trog
 31250 | Depths:1 | Received a gift from Trog
 31673 | Orc:1    | Entered Level 1 of the Orcish Mines
 31686 | Orc:1    | Identified a +0 troll leather armour
 32018 | Orc:2    | Entered Level 2 of the Orcish Mines
 32022 | Orc:2    | Received a gift from Trog
 32022 | Orc:2    | Identified a +0 troll leather armour
 32040 | Orc:2    | Noticed Azrael
 32060 | Orc:2    | Killed Azrael
 32060 | Orc:2    | Reached skill level 14 in Fighting
 32408 | Orc:2    | Found a roughly hewn altar of Beogh.
 32416 | Orc:2    | Found Nazaa's Food Shop.
 32421 | Orc:2    | Reached skill level 14 in Armour
 32426 | Orc:2    | Bought a royal jelly for 24 gold pieces
 32455 | Orc:2    | Found a roughly hewn altar of Beogh.
 32511 | Orc:2    | Found a staircase to the Elven Halls.
 32603 | Orc:2    | Noticed KiwiOfAdowableness's ghost (journeyman DEFE)
 32607 | Orc:2    | Killed KiwiOfAdowableness's ghost
 33156 | Orc:2    | Found Roleroef's Antique Armour Emporium.
 33163 | Orc:2    | Found a roughly hewn altar of Beogh.
 33166 | Orc:2    | Found Lupeqis's Antique Weapon Shoppe.
 33383 | Orc:2    | Found a roughly hewn altar of Beogh.
 33394 | Orc:2    | Found Weojadel's Jewellery Shop.
 33403 | Orc:2    | Bought a +6 ring of evasion for 858 gold pieces
 33612 | D:11     | Received a gift from Trog
 33616 | D:11     | Identified a +1 antimagic executioner's axe (Trog gifted it to you on level 11 of the Dungeon)
 33736 | Snake:1  | Entered Level 1 of the Snake Pit
 33765 | Snake:1  | Reached skill level 13 in Dodging
 34028 | Snake:1  | Reached XP level 17. HP: 154/154 MP: 8/20
 34759 | Snake:2  | Noticed Aizul
 34764 | Snake:2  | Noticed Nikola
 34767 | Snake:2  | Killed Aizul
 34782 | Snake:2  | Killed Nikola
 35400 | Snake:2  | Reached skill level 14 in Crossbows
 35476 | Snake:2  | Noticed Agnes
 35633 | Snake:2  | Killed Agnes
 36573 | Snake:3  | Identified a +0 pair of gloves (You took it off Nikola on level 2 of the Snake Pit)
 36674 | Snake:3  | Identified +0 swamp dragon scales
 36683 | Snake:3  | Reached skill level 15 in Crossbows
 36702 | Snake:3  | Identified +0 swamp dragon scales
 36966 | Snake:3  | Received a gift from Trog
 36969 | Snake:3  | Got a polished triple crossbow {god gift}
 36973 | Snake:3  | Identified the +5 triple crossbow of Devotion {venom, rElec rN++ Str-5 SInv} (Trog gifted it to you on level 3 of the Snake Pit)
 37505 | Snake:4  | Entered Level 4 of the Snake Pit
 38035 | Snake:4  | Reached skill level 16 in Crossbows
 38785 | Snake:4  | Reached skill level 17 in Crossbows
 38811 | Snake:4  | HP: 25/154 [nagaraja/orb of energy (35)]
 38816 | Snake:4  | HP: 23/154 [nagaraja/spear (1)]
 39152 | Snake:4  | Reached XP level 18. HP: 160/161 MP: 21/21
 39178 | Snake:4  | Received a gift from Trog
 39353 | Snake:4  | HP: 32/161 [naga sharpshooter/arrow (18)]
 39700 | Snake:4  | Reached skill level 18 in Crossbows
 40207 | Snake:4  | Received a gift from Trog
 40235 | Snake:4  | Got a serpentine rune of Zot
 40612 | Shoals:1 | Entered Level 1 of the Shoals
 40614 | Shoals:1 | Identified a ring of see invisible (You found it on level 3 of the Snake Pit)
 40617 | Shoals:1 | Identified a ring of slaying (You found it on level 3 of the Snake Pit)
 40797 | Shoals:1 | Reached skill level 19 in Crossbows
 41032 | Shoals:1 | Got an ivory broad axe
 41034 | Shoals:1 | Identified the +2 broad axe of Abomination {drain, rElec Dex+4 Stlth+} (You found it on level 1 of the Shoals)
 41609 | Shoals:2 | Received a gift from Trog
 42729 | Shoals:3 | Reached skill level 20 in Crossbows
 43017 | Shoals:3 | Identified a scroll of silence
 43254 | Shoals:3 | Found a blossoming altar of Fedhas.
 43599 | Shoals:4 | Entered Level 4 of the Shoals
 43701 | Shoals:4 | Found Tesau's Jewellery Shop.
 43704 | Shoals:4 | Bought the ring "Lopneip" {rCorr rF+ Str+2 Dex+7} for 1005 gold pieces
 43727 | Shoals:4 | Reached ****** piety under Trog
 44024 | Shoals:4 | Reached XP level 19. HP: 168/168 MP: 22/22
 44034 | Shoals:4 | Received a gift from Trog
 44166 | Shoals:4 | Noticed Ilsuiw
 44194 | Shoals:4 | HP: 29/168 [something/shard of ice (44)]
 44387 | Shoals:4 | Killed Ilsuiw
 44483 | Shoals:4 | Reached skill level 21 in Crossbows
 44508 | Shoals:4 | HP: 40/168 [merfolk impaler/trident of freezing (7)]
 45484 | Shoals:4 | HP: 40/168 [merfolk impaler/demon trident of freezing (3)]
 45867 | Shoals:4 | Received a gift from Trog
 46297 | Shoals:4 | Got a barnacled rune of Zot
 46557 | Vaults:1 | Entered Level 1 of the Vaults
 46889 | Vaults:1 | Reached skill level 22 in Crossbows
 47090 | Vaults:1 | Identified +0 acid dragon scales
 47121 | Vaults:1 | Received a gift from Trog
 48328 | Vaults:2 | Received a gift from Trog
 48592 | Vaults:2 | Reached skill level 23 in Crossbows
 48645 | Vaults:2 | Reached XP level 20. HP: 107/176 MP: 7/23
 48653 | Vaults:2 | Paralysed by a floating eye for 2 turns
 49454 | Vaults:2 | Noticed a deep elf sorcerer
 49474 | Vaults:2 | Killed a deep elf sorcerer
 49502 | Vaults:2 | Received a gift from Trog
 49524 | Vaults:2 | Reached skill level 24 in Crossbows
 49532 | Vaults:2 | HP: 43/176 [acid (5)]
 49537 | Vaults:2 | Identified +0 fire dragon scales
 50178 | Vaults:2 | Found a staircase to the Crypt.
 50748 | Vaults:2 | Received a gift from Trog
 50810 | Vaults:2 | Got a crystal rapier
 51094 | Vaults:2 | Found a portal to a secret trove of treasure.
 51200 | Vaults:2 | Received a gift from Trog
 51497 | Vaults:2 | Noticed Saint Roka
 51516 | Vaults:2 | Killed Saint Roka
 51516 | Vaults:2 | Reached skill level 25 in Crossbows
 52017 | Vaults:3 | Identified a +0 troll leather armour
 52021 | Vaults:3 | Identified a +0 troll leather armour
 52271 | Vaults:3 | Noticed Margery
 52287 | Vaults:3 | Killed Margery
 52575 | Vaults:3 | Reached XP level 21. HP: 133/182 MP: 8/24
 52611 | Vaults:3 | Noticed an entropy weaver
 52638 | Vaults:3 | Killed an entropy weaver
 52639 | Vaults:3 | HP: 39/182 [ghoul[a death knight] (14)]
 53283 | Vaults:3 | Received a gift from Trog
 53364 | Vaults:3 | Reached skill level 26 in Crossbows
 53701 | Vaults:3 | Noticed Sojobo
 53718 | Vaults:3 | Received a gift from Trog
 53723 | Vaults:3 | Killed Sojobo
 54536 | Vaults:3 | Noticed an entropy weaver
 54537 | Vaults:3 | Killed an entropy weaver
 54856 | Vaults:4 | Received a gift from Trog
 54863 | Vaults:4 | Reached skill level 15 in Fighting
 54865 | Vaults:4 | Reached skill level 15 in Armour
 55017 | Vaults:4 | Identified a ring of resist corrosion (You found it on level 4 of the Vaults)
 55018 | Vaults:4 | Identified a potion of flight
 55068 | Vaults:4 | Received a gift from Trog
 55091 | Vaults:4 | HP: 46/184 [yaktaur/bolt[a yaktaur captain] (14)]
 55098 | Vaults:4 | HP: 15/184 [storm dragon/bolt of lightning (17)]
 55101 | Vaults:4 | Identified +0 storm dragon scales
 55105 | Vaults:4 | Noticed Donald
 55112 | Vaults:4 | Killed Donald
 55112 | Vaults:4 | Reached skill level 14 in Dodging
 55810 | Vaults:4 | Received a gift from Trog
 56639 | Vaults:4 | Received a gift from Trog
 57134 | Depths:1 | Identified a +0 troll leather armour
 57189 | Depths:1 | Found a gateway to Hell.
 57307 | Depths:1 | Found a one-way gate to the infinite horrors of the Abyss.
 57322 | Depths:1 | Found Otepsuj's Distillery.
 57330 | Depths:1 | Bought 2 potions of curing for 72 gold pieces
 57330 | Depths:1 | Bought a potion of resistance for 120 gold pieces
 57330 | Depths:1 | Bought a potion of heal wounds for 60 gold pieces
 57330 | Depths:1 | Bought a potion of haste for 120 gold pieces
 57330 | Depths:1 | Bought a potion of heal wounds for 60 gold pieces
 57330 | Depths:1 | Bought a potion of curing for 36 gold pieces
 57330 | Depths:1 | Bought a potion of heal wounds for 60 gold pieces
 57330 | Depths:1 | Bought a potion of might for 48 gold pieces
 57387 | Depths:1 | Found a shadowy altar of Dithmenos.
 57440 | Depths:1 | Noticed a lich
 57440 | Depths:1 | Reached XP level 22. HP: 194/194 MP: 25/25
 57445 | Depths:1 | Killed a lich
 57450 | Depths:1 | Received a gift from Trog
 57473 | Depths:1 | Found a shadowy altar of Dithmenos.
 57783 | Depths:1 | Reached skill level 16 in Armour
 57885 | Depths:1 | Reached skill level 16 in Fighting
 58325 | Depths:2 | Reached skill level 15 in Dodging
 59547 | Depths:2 | Received a gift from Trog
 59691 | Depths:2 | Reached skill level 17 in Armour
 59758 | Depths:2 | Found a gateway to a ziggurat.
 59819 | Depths:2 | Found a one-way gate leading to the halls of Pandemonium.
 59822 | Depths:2 | Received a gift from Trog
 59837 | Depths:2 | Identified the Guide on Flight
 59903 | Depths:2 | Got a sparkling gossamer ring
 59904 | Depths:2 | Identified the ring of Igiosam {+Blink rElec MP+9 Int-3 Slay+5} (You found it on level 2 of the Depths)
 59973 | Depths:2 | Reached skill level 17 in Fighting
 60345 | Depths:3 | Received a gift from Trog
 60581 | Depths:3 | Received a gift from Trog
 60587 | Depths:3 | Identified a +7 vampiric battleaxe (Trog gifted it to you on level 3 of the Depths)
 60801 | Depths:3 | Identified a +0 troll leather armour
 60807 | Depths:3 | Reached skill level 16 in Dodging
 61346 | Depths:3 | Noticed a lich
 61348 | Depths:3 | Noticed a golden dragon
 61350 | Depths:3 | Noticed a Brimstone Fiend
 61381 | Depths:3 | Killed a golden dragon
 61615 | Depths:3 | Identified +0 fire dragon scales
 61721 | Depths:3 | HP: 33/201 [lich/bolt of cold (39)]
 61722 | Depths:3 | Killed a lich
 61730 | Depths:3 | Reached XP level 23. HP: 88/207 MP: 26/26
 61820 | Depths:3 | Identified a +2 plate armour of fire resistance (You found it on level 3 of the Depths)
 62339 | Depths:4 | Reached skill level 18 in Armour
 62389 | Depths:4 | Identified quicksilver dragon scales
 62389 | Depths:4 | Reached skill level 18 in Fighting
 62833 | Depths:4 | Received a gift from Trog
 62850 | Depths:4 | Identified a +0 troll leather armour
 62871 | Depths:4 | Identified a +0 troll leather armour
 62960 | Depths:4 | Noticed a lich
 62963 | Depths:4 | Killed a lich
 62969 | Depths:4 | Noticed a caustic shrike
 62977 | Depths:4 | Identified a +0 troll leather armour
 62979 | Depths:4 | Killed a caustic shrike
 62995 | Depths:4 | Reached skill level 17 in Dodging
 63152 | Depths:4 | Identified a +1 cloak (You found it on level 4 of the Depths)
 63391 | Depths:5 | Entered Level 5 of the Depths
 63393 | Depths:5 | Noticed the Enchantress
 63405 | Depths:4 | Identified a +0 troll leather armour
 63411 | Depths:4 | Killed the Enchantress
 63413 | Depths:4 | Got faerie dragon scales
 63714 | Depths:4 | Received a gift from Trog
 64160 | Depths:5 | Noticed Jorgrun
 64176 | Depths:5 | Killed Jorgrun
 64187 | Depths:5 | Reached skill level 19 in Fighting
 64187 | Depths:5 | Reached skill level 19 in Armour
 64193 | Depths:5 | Identified +0 shadow dragon scales
 64251 | Depths:5 | Identified the +1 faerie dragon scales {rF- rC+ rCorr Dex+4 Stlth+} (You took it off the Enchantress on level 4 of the Depths)
 64462 | Depths:5 | Identified a +0 troll leather armour
 64789 | Depths:5 | Identified a +0 troll leather armour
 64792 | Depths:5 | Received a gift from Trog
 64800 | Depths:5 | Noticed a deep elf demonologist
 64821 | Depths:5 | Killed a deep elf demonologist
 65117 | Depths:5 | Found a gate to the Realm of Zot.
 65463 | Depths:5 | Noticed Boris
 65471 | Depths:5 | Killed Boris
 65471 | Depths:5 | Reached skill level 18 in Dodging
 65745 | Depths:5 | Reached XP level 24. HP: 217/222 MP: 11/26
 65745 | Depths:5 | Identified a +0 troll leather armour
 65747 | Depths:5 | Identified a +0 troll leather armour
 66186 | Vaults:5 | Entered Level 5 of the Vaults
 66202 | Vaults:5 | Received a gift from Trog
 66206 | Vaults:5 | Identified +0 storm dragon scales
 66218 | Vaults:5 | Identified +0 shadow dragon scales
 66229 | Vaults:4 | Reached skill level 20 in Fighting
 66315 | Vaults:5 | Reached skill level 20 in Armour
 66328 | Vaults:5 | Identified +0 storm dragon scales
 66329 | Vaults:5 | Identified +0 storm dragon scales
 66354 | Vaults:5 | Gained mutation: You are frail. (-10% HP) [a shining eye]
 66356 | Vaults:5 | Gained mutation: You expend magic power (3 MP) to strengthen your wands. [a shining eye]
 66517 | Vaults:5 | Noticed an entropy weaver
 66526 | Vaults:5 | Received a gift from Trog
 66529 | Vaults:5 | Killed an entropy weaver
 66533 | Vaults:5 | Reached skill level 19 in Dodging
 66548 | Vaults:5 | Noticed an ancient lich
 66609 | Vaults:5 | Killed an ancient lich
 66754 | Vaults:5 | Got a glittering wooden ring
 66902 | Vaults:5 | Identified the ring of Lucidity {Str+5 SInv} (You took it off an entropy weaver on level 5 of the Vaults)
 66929 | Vaults:5 | Got a dazzling glaive
 67011 | Vaults:5 | Reached skill level 21 in Fighting
 67046 | Vaults:5 | Received a gift from Trog
 67046 | Vaults:5 | Reached skill level 21 in Armour
 67187 | Vaults:5 | Reached XP level 25. HP: 152/211 MP: 26/26
 67360 | Vaults:5 | Identified a +0 cloak of invisibility (You found it on level 5 of the Vaults)
 67501 | Vaults:5 | Got a crude glass ring
 67847 | Vaults:5 | Noticed a lich
 67849 | Vaults:5 | Killed a lich
 68010 | Vaults:5 | Got a bronze plate armour
 68014 | Vaults:5 | Identified the ring of Royalty {+Fly rF+++ rC++ Int-4} (You took it off a yaktaur captain on level 5 of the Vaults)
 68015 | Vaults:5 | Identified the cursed +1 plate armour of Egalitarianism {rC++} (You found it on level 5 of the Vaults)
 68064 | Vaults:5 | Got a silver rune of Zot
 68071 | Vaults:5 | Identified an amulet of regeneration (You found it on level 5 of the Vaults)
 68387 | Zot:1    | Entered Level 1 of the Realm of Zot
 68459 | Zot:1    | Received a gift from Trog
 68552 | Zot:1    | Reached skill level 20 in Dodging
 68574 | Zot:1    | Identified +0 gold dragon scales
 69096 | Zot:1    | Identified +0 gold dragon scales
 69251 | Zot:1    | Received a gift from Trog
 69328 | Zot:2    | Got a pair of ichor-stained boots
 69329 | Zot:2    | Identified the cursed +0 pair of boots "Fidyc Ogga" {rElec rC+} (You found it on level 2 of the Realm of Zot)
 69357 | Zot:2    | Identified +0 gold dragon scales
 69449 | Zot:2    | Identified +0 storm dragon scales
 69584 | Zot:2    | Identified +0 gold dragon scales
 69671 | Zot:2    | Reached skill level 22 in Fighting
 69979 | Zot:3    | Reached skill level 22 in Armour
 69981 | Zot:3    | Received a gift from Trog
 70060 | Zot:3    | Got an ichor-stained plate armour
 70063 | Zot:3    | Identified the cursed +0 plate armour of Dithmenos's Approval {Stlth+} (You found it on level 3 of the Realm of Zot)
 70137 | Zot:3    | Received a gift from Trog
 70138 | Zot:3    | Got a bone hand axe {god gift}
 70680 | Zot:3    | Identified a +1 cloak (You took it off a draconian monk on level 3 of the Realm of Zot)
 70716 | Zot:3    | Noticed an orb of fire
 70717 | Zot:3    | Gained mutation: You sometimes yell uncontrollably at your foes. [an orb of fire]
 70729 | Zot:3    | Gained mutation: You are partially covered in thin metallic scales. (AC +2) [an orb of fire]
 70741 | Zot:3    | Killed an orb of fire
 70956 | Zot:4    | Identified +0 gold dragon scales
 70966 | Zot:4    | Identified +0 shadow dragon scales
 70967 | Zot:4    | Reached skill level 23 in Fighting
 70990 | Zot:4    | Identified +0 gold dragon scales
 70990 | Zot:4    | Reached skill level 23 in Armour
 70990 | Zot:4    | Reached XP level 26. HP: 204/225 MP: 26/26
 71129 | Zot:4    | Received a gift from Trog
 71670 | Zot:4    | Received a gift from Trog
 71909 | Zot:4    | Identified +0 storm dragon scales
 72102 | Zot:4    | Identified a +0 cloak of poison resistance (You took it off a draconian monk on level 4 of the Realm of Zot)
 72314 | Zot:4    | Identified +0 gold dragon scales
 72947 | Zot:5    | Entered Level 5 of the Realm of Zot
 72956 | Zot:5    | Reached skill level 24 in Fighting
 73034 | Zot:5    | Reached skill level 24 in Armour
 73730 | Zot:5    | Noticed an orb of fire
 73736 | Zot:5    | Killed an orb of fire
 73820 | Zot:5    | Noticed an orb of fire
 73852 | Zot:5    | Noticed an ancient lich
 73852 | Zot:5    | Noticed an orb of fire
 73854 | Zot:5    | Noticed an orb of fire
 73865 | Zot:5    | Killed an ancient lich
 73870 | Zot:5    | Gained mutation: You frequently scream uncontrollably at your foes. [an orb of fire]
 73874 | Zot:5    | Killed an orb of fire
 74107 | Zot:5    | Noticed a curse toe
 74113 | Zot:5    | Killed a curse toe
 74120 | Zot:5    | Noticed an orb of fire
 74127 | Zot:5    | Killed an orb of fire
 74201 | Zot:5    | Gained mutation: You are very frail. (-20% HP) [an orb of fire]
 74215 | Zot:5    | Killed an orb of fire
 74215 | Zot:5    | Reached skill level 25 in Fighting
 74218 | Zot:5    | Killed an orb of fire
 74218 | Zot:5    | Reached skill level 25 in Armour
 74220 | Zot:5    | Reached XP level 27. HP: 118/212 MP: 26/26
 74522 | Zot:5    | Noticed an orb of fire
 74523 | Zot:5    | Gained mutation: You are occasionally teleported next to monsters. [an orb of fire]
 74528 | Zot:5    | Gained mutation: Your body sometimes deteriorates upon taking damage. [an orb of fire]
 74533 | Zot:5    | Killed an orb of fire
 74683 | Zot:5    | Noticed an ancient lich
 74688 | Zot:5    | Noticed an orb of fire
 74693 | Zot:5    | Killed an ancient lich
 74701 | Zot:5    | Killed an orb of fire
 74709 | Zot:5    | Noticed an ancient lich
 74711 | Zot:5    | Noticed an orb of fire
 74716 | Zot:5    | Killed an ancient lich
 74726 | Zot:5    | Killed an orb of fire
 75049 | Zot:5    | Reached skill level 26 in Fighting
 75128 | Zot:5    | Reached skill level 26 in Armour
 75153 | Zot:5    | Received a gift from Trog
 75348 | Zot:5    | Got the Orb of Zot
 75360 | Zot:5    | Noticed Mamoonir the pandemonium lord
 75371 | Zot:5    | Noticed Ytaxkoit the pandemonium lord
 75385 | Zot:5    | HP: 51/215 [???[Ytaxkoit] (48)]
 75507 | Depths:5 | Noticed a juggernaut
 75512 | Depths:5 | Killed a juggernaut
 75877 | D:1      | Noticed Iheto the pandemonium lord
 75907 | D:$      | Escaped with the Orb!

Table legend:
 A = Turns spent in this place as a percentage of turns spent in the entire game.
 B = Non-inter-level travel turns spent in this place as a percentage of non-inter-level travel turns spent in the entire game.
 C = Inter-level travel turns spent in this place as a percentage of turns spent in this place.
 D = Turns resting spent in this place as a percentage of non-inter-level travel turns spent in this place.
 E = Turns spent auto-exploring this place as a percentage of non-inter-level travel turns spent in this place.
 F = Non-inter-level travel turns spent in this place divided by the number of levels of this place that you've seen.
                   A       B       C       D       E      F
               +-------+-------+-------+-------+-------+----------------------
         Total | 100.0 | 100.0 |   0.6 |   7.5 |   6.7 | 364.3
       Dungeon |  29.1 |  29.0 |   0.9 |   6.4 |   7.4 | 331.1
          Lair |   8.4 |   8.4 |   0.6 |   7.3 |   8.1 | 240.8
        Shoals |   6.9 |   6.9 |   0.3 |   9.9 |   7.4 | 294.2
     Snake Pit |   8.5 |   8.5 |   0.4 |  10.5 |   6.9 | 363.2
  Orcish Mines |   2.8 |   2.8 |   0.6 |   5.3 |   5.7 | 236.0
        Vaults |  14.3 |  14.3 |   0.5 |   8.8 |   7.1 | 489.8
        Depths |  15.8 |  15.8 |   0.5 |   7.5 |   5.8 | 541.0
           Zot |  10.0 |  10.0 |   0.6 |   8.1 |   6.6 | 343.2
     Labyrinth |   4.3 |   4.3 |   0.0 |   0.0 |   0.0 | 739.0
               +-------+-------+-------+-------+-------+----------------------

Table legend:
 A = Kills in this place as a percentage of kills in entire the game.
 B = Kills by you in this place as a percentage of kills by you in the entire game.
 C = Kills by friends in this place as a percentage of kills by friends in the entire game.
 D = Other kills in this place as a percentage of other kills in the entire game.
 E = Experience gained in this place as a percentage of experience gained in the entire game.
 F = Experience gained in this place divided by the number of levels of this place that you have seen.
                   A       B       C       D       E      F
               +-------+-------+-------+-------+-------+----------------------
         Total | 100.0 | 100.0 | 100.0 | 100.0 | 100.0 | 35001.6
       Dungeon |  24.5 |  24.6 |  15.4 |   0.0 |   6.1 | 6738.5
          Lair |   8.3 |   8.1 |  26.9 |   0.0 |   3.5 | 9661.7
        Shoals |   6.5 |   6.5 |  11.5 |  16.7 |   5.5 | 22794.8
     Snake Pit |   7.2 |   7.2 |   0.0 |  16.7 |   7.0 | 28589.2
  Orcish Mines |   4.7 |   4.8 |   0.0 |  16.7 |   0.9 | 7383.0
        Vaults |  22.7 |  22.7 |  19.2 |  50.0 |  27.6 | 90687.0
        Depths |  17.5 |  17.7 |   3.8 |   0.0 |  22.3 | 73266.2
           Zot |   8.5 |   8.3 |  23.1 |   0.0 |  27.1 | 89035.8
     Labyrinth |   0.0 |   0.0 |   0.0 |   0.0 |   0.0 | 780.0
               +-------+-------+-------+-------+-------+----------------------

Skill      XL: |  1  2  3  4  5  6  7  8  9 10 11 12 13 14 15 16 17 18 19 20 21 22 23 24 25 26 27 |
---------------+----------------------------------------------------------------------------------+-----
Axes           | 4 5 6 7 8 9 11 13 14 17 19 20 | 20.4
Fighting       | 6 8 10 12 14 15 17 19 21 23 25 26 | 26.3
Armour         | 5 8 9 12 14 15 17 19 21 23 25 26 | 26.3
Dodging        | 5 7 8 11 13 14 16 18 19 20 | 20.4
Evocations     | 5 |  5.6
Throwing       | 2 6 |  6.4
Crossbows      | 7 13 17 20 23 25 26 | 26.5

Action                   |  1- 3 |  4- 6 |  7- 9 | 10-12 | 13-15 | 16-18 | 19-21 | 22-24 | 25-27 || total
-------------------------+-------+-------+-------+-------+-------+-------+-------+-------+-------++-------
Melee: Hand axe          |    53 |   146 |   333 |   481 |       |       |       |       |       ||  1013
       Headbutt          |    10 |    26 |    81 |   165 |   227 |   251 |   229 |   215 |    66 ||  1270
       Battleaxe         |       |       |       |   244 |   899 |   895 |   669 |   564 |   170 ||  3441
 Fire: Triple crossbow   |       |       |       |       |   152 |   540 |   683 |   633 |   718 ||  2726
Throw: Stone             |       |       |       |    10 |       |       |       |       |       ||    10
       Tomahawk          |       |       |       |    16 |       |       |       |       |       ||    16
Invok: Berserk           |       |     2 |     5 |     6 |    19 |    14 |    13 |     9 |     5 ||    73
       Trog's Hand       |       |       |     3 |    10 |    16 |    16 |    17 |    15 |    15 ||    92
       Burn Spellbooks   |       |       |     2 |     1 |     2 |     4 |     1 |     5 |     5 ||    20
       Brothers in Arms  |       |       |       |     1 |     7 |     2 |     8 |     2 |     9 ||    29
 Abil: Stop Flying       |       |       |     1 |       |       |     2 |       |       |       ||     3
       Evoke Flight      |       |       |       |       |       |     2 |       |       |       ||     2
Evoke: Wand              |       |       |       |     9 |       |       |       |       |     1 ||    10
  Use: Scroll            |       |       |    11 |    14 |    16 |    12 |     9 |     5 |    12 ||    79
       Potion            |       |       |     5 |     9 |    11 |     5 |    10 |     3 |     7 ||    50
 Stab: Distracted        |       |       |       |     1 |       |     1 |     1 |     3 |     1 ||     7
  Eat: Chunk             |       |     7 |    13 |    16 |    63 |    71 |    64 |    63 |    55 ||   352
       Bread ration      |       |       |     1 |     1 |       |       |       |       |     1 ||     3
       Royal jelly       |       |       |     1 |     1 |     6 |     8 |       |       |     2 ||    18
       Meat ration       |       |       |     1 |     1 |       |       |       |     1 |     1 ||     4
       Fruit             |       |       |       |     3 |     1 |     1 |       |       |       ||     5
Armor: Animal skin       |     9 |       |       |       |       |       |       |       |       ||     9
       Ring mail         |    16 |       |       |       |       |       |       |       |       ||    16
       Chain mail        |       |    83 |   101 |    55 |       |       |       |       |       ||   239
       Skin              |       |       |    13 |    24 |       |       |       |       |       ||    37
       Plate armour      |       |       |       |   362 |   590 |   518 |   472 |   500 |     9 ||  2451
       Gold dragon scale |       |       |       |       |       |       |       |       |   360 ||   360
Dodge: Dodged            |    36 |    69 |    91 |   319 |   550 |   735 |   712 |   796 |   427 ||  3735

Vanquished Creatures
  4 ancient liches
  9 orbs of fire
  A juggernaut (Depths:5)
  Boris (Depths:5)
  Sojobo (Vaults:3)
  Margery (Vaults:3)
  A curse toe (Zot:5)
  Saint Roka (Vaults:2)
  4 Killer Klowns
  A caustic shrike (Depths:4)
  12 golden dragons
  Nikola (Snake:2)
  the Enchantress (Depths:4)
  A bone dragon (Depths:5)
  4 electric golems
  Rupert (D:15)
  Jorgrun (Depths:5)
  16 tentacled monstrosities
  28 Orb Guardians
  4 liches
  4 quicksilver dragons
  A quicksilver dragon (shapeshifter) (Depths:2)
  3 titans (Vaults:5)
  2 krakens
  An acid blob (shapeshifter) (Depths:2)
  6 death cobs
  Gastronok (Lair:1)
  11 tengu reavers
  5 sphinxes
  Agnes (Snake:2)
  7 shadow dragons
  Kirke (Lair:5)
  6 draconian monks
  A shadow dragon (shapeshifter) (Depths:1)
  16 storm dragons
  Ilsuiw (Shoals:4)
  17 vault wardens
  11 fire giants
  A draconian knight (Zot:3)
  2 draconian scorchers
  13 nagarajas
  A deep elf sorcerer (Vaults:2)
  3 ghost moths
  18 frost giants
  3 iron dragons
  An orc warlord (Orc:2)
  2 deep elf elementalists (Vaults:5)
  A ghoul (Vaults:3)
  5 draconian stormcallers
  4 spriggan defenders (Depths:4)
  22 very ugly things
  3 draconian shifters
  11 war gargoyles
  14 ironheart preservers
  The ghost of Sarmenti the Severer, a journeyman MiFi (Lair:5)
  22 stone giants
  3 entropy weavers
  A deep elf demonologist (Depths:5)
  14 black draconians
  6 draconian annihilators
  8 green draconians
  7 purple draconians
  A deep elf annihilator (Vaults:5)
  A spark wasp (Zot:4)
  Azrael (Orc:2)
  8 white draconians
  7 red draconians
  7 yellow draconians
  A minotaur (shapeshifter) (Depths:2)
  Josephine (D:10)
  12 crystal guardians
  10 merfolk impalers
  2 blizzard demons (Depths:2)
  A green death (Depths:3)
  17 ettins
  3 deep elf death magi
  6 merfolk javelineers (Shoals:4)
  A minotaur (Lab)
  A deep elf high priest (Vaults:5)
  8 rakshasas
  7 fire dragons
  18 ogre magi
  12 great orbs of eyes
  15 yaktaur captains
  5 ice dragons
  14 naga warriors
  6 spriggan air magi
  34 vault guards
  Erica (D:8)
  5 hydras
  5 merfolk avatars
  2 catoblepae
  3 death knights
  13 centaur warriors
  12 anacondas
  2 satyrs (Shoals:4)
  15 dancing weapons
  56 two-headed ogres
  6 deep troll shamans
  6 merfolk aquamancers
  7 tengu warriors
  A two-headed ogre (shapeshifter) (Depths:2)
  A vampire mage (Depths:1)
  The ghost of KiwiOfAdowableness the Arsonist, a journeyman DEFE of Vehumet (Orc:2)
  14 deep troll earth magi
  4 spriggan berserkers
  4 hell knights (Vaults:3)
  7 shock serpents
  The ghost of Sarmenti the Impaler, a novice MfGl of Okawaru (D:8)
  9 naga sharpshooters
  5 deep elf knights
  2 sun demons
  2 soul eaters
  2 storm dragon zombies (Vaults:5)
  7 unseen horrors
  2 sixfirhies (Zot:4)
  4 iron trolls
  A salamander mystic (Depths:1)
  22 sea snakes
  7 glowing orange brains
  An infernal demonspawn (Depths:3)
  40 deep trolls
  A storm dragon skeleton (Vaults:4)
  6 wizards
  A swamp dragon (shapeshifter) (Depths:2)
  2 swamp dragons (Snake:3)
  A kraken simulacrum (Shoals:4)
  5 flayed ghosts
  A harpy (shapeshifter) (Vaults:1)
  3 obsidian statues (Depths:2)
  6 deep elf archers
  18 ironbrand convokers
  A lindwurm (shapeshifter) (Vaults:5)
  2 naga ritualists (Snake:4)
  17 harpies
  6 phantasmal warriors
  12 deep elf magi
  Pikel (D:4)
  7 wolf spiders
  A wolf spider (shapeshifter) (Depths:2)
  14 orc knights
  2 orc sorcerers
  A frost giant zombie (Depths:1)
  8 mana vipers
  15 manticores
  5 necromancers
  A manticore (shapeshifter) (Depths:1)
  6 salamanders
  80 ugly things
  15 fauns
  10 cyclopes
  23 moths of wrath
  A stone giant skeleton (Vaults:4)
  A tengu skeleton (Vaults:4)
  10 merfolk sirens
  18 elephants
  A centaur zombie (D:14)
  A guardian serpent (shapeshifter) (Vaults:3)
  5 guardian serpents
  28 black mambas
  10 naga magi
  A titan simulacrum (Vaults:4)
  4 water nymphs
  2 rust devils
  2 fire giant skeletons
  17 vault sentinels
  A water nymph (shapeshifter) (Depths:2)
  A smoke demon (Depths:1)
  13 spiny frogs
  4 gargoyles (Depths:2)
  A kobold demonologist (D:15)
  4 molten gargoyles (Depths:2)
  An orange demon (D:9)
  3 ice devils
  11 rime drakes
  52 yaktaurs
  10 freezing wraiths
  8 komodo dragons
  4 hellwings
  7 meliai
  The ghost of Unholydonuts the Chopper, an amateur MiBe of Trog (D:4)
  A troll (shapeshifter) (D:14)
  3 polar bears (Lair:6)
  10 tengu conjurers
  A queen bee (D:12)
  6 trolls
  10 wind drakes
  2 jumping spiders (shapeshifter)
  A hornet (shapeshifter) (Depths:2)
  7 red devils (Depths:1)
  25 merfolk
  A sphinx simulacrum (Vaults:3)
  7 hornets
  3 slime creatures (shapeshifter)
  38 slime creatures
  6 dream sheep (Lair:3)
  A meliai zombie (D:14)
  An ice dragon zombie (Depths:1)
  6 blink frogs
  6 raiju (Zot:4)
  A dream sheep (shapeshifter) (Vaults:5)
  10 snapping turtles
  An ettin skeleton (Vaults:5)
  A fire giant simulacrum (Vaults:4)
  An ice dragon skeleton (Depths:1)
  A centaur simulacrum (D:15)
  5 redbacks
  24 hippogriffs
  15 air elementals
  2 tarantellas (Vaults:5)
  3 spriggans (Depths:4)
  2 tarantellas (shapeshifter)
  12 wraiths
  A yak (shapeshifter) (Depths:2)
  24 water elementals
  2 shadows
  A redback (shapeshifter) (Vaults:5)
  11 basilisks
  4 fire elementals
  14 wyverns
  46 yaks
  9 hogs
  2 golden eyes (shapeshifter)
  A basilisk (shapeshifter) (Vaults:5)
  8 vampire mosquitoes
  A neqoxec (Depths:3)
  A vampire (D:15)
  A hungry ghost (D:10)
  A human (D:12)
  48 nagas
  A swamp worm (shapeshifter) (Vaults:2)
  A yaktaur simulacrum (Vaults:3)
  Menkaure (D:7)
  3 swamp worms (Snake:3)
  3 insubstantial wisps (Depths:2)
  A soldier ant (shapeshifter) (Vaults:4)
  A small abomination (Zot:5)
  3 two-headed ogre zombies (D:10)
  9 wargs
  2 acid dragons
  2 soldier ants (D:14)
  16 water moccasins
  A floating eye (Depths:4)
  6 hell hounds
  A deep troll skeleton (Vaults:5)
  A swamp drake (shapeshifter) (Depths:2)
  4 floating eyes (shapeshifter)
  9 porcupines
  52 orc warriors
  4 phantoms
  An ice dragon simulacrum (Depths:1)
  5 ice beasts
  An ice beast (shapeshifter) (Vaults:4)
  7 sky beasts
  4 necrophages (D:9)
  An eye of draining (D:13)
  A hornet zombie (D:14)
  A black bear (shapeshifter) (Vaults:4)
  3 black bears
  8 wolves
  20 centaurs
  48 ogres
  8 boggarts
  A centaur (shapeshifter) (Vaults:1)
  13 crocodiles
  3 big kobolds
  10 earth elementals (Depths:2)
  17 bullfrogs
  5 scorpions
  35 killer bees
  6 wights
  3 electric eels (Snake:1)
  4 howler monkeys
  9 crimson imps
  2 jellies
  5 bullfrog zombies
  2 human simulacra
  25 orc priests
  4 centaur skeletons
  6 hounds
  37 orc wizards
  3 bullfrog skeletons
  8 iguanas
  Ijyb (D:3)
  Terence (D:3)
  5 worker ants
  2 hell rats (Lair:4)
  5 lightning spires (Zot:4)
  5 ogre zombies (D:10)
  2 hound skeletons
  A mummy (D:9)
  7 gnolls
  12 adders
  8 river rats (Lair:4)
  5 shadow imps
  12 white imps (D:13)
  An ufetubus (Zot:1)
  2 oozes
  2 adder zombies
  2 adder skeletons
  4 worms
  6 ball lightnings
  2 dart slugs
  6 leopard geckos
  113 orcs
  14 bats
  9 giant cockroaches
  10 goblins
  7 hobgoblins
  18 jackals
  9 quokkas
  13 frilled lizards
  2 goblin zombies (D:10)
  4 hobgoblin zombies (D:10)
  A jackal skeleton (D:4)
  26 kobolds
  A leopard gecko zombie (D:8)
  4 orc skeletons (D:10)
  15 orc zombies (D:10)
  A quokka skeleton (D:6)
  6 rats
  2 fungi (Lair:2)
  15 plants
  5 tentacles
2497 creatures vanquished.

Vanquished Creatures (collateral kills)
  A tentacled monstrosity (Zot:5)
  2 storm dragons
  Donald (Vaults:4)
  2 black draconians (Zot:4)
  A dire elephant (Lair:6)
  A red draconian (Zot:4)
  A white draconian (Zot:4)
  A catoblepas (D:13)
  2 merfolk avatars
  2 two-headed ogres (Vaults:4)
  An unseen horror (D:11)
  An ugly thing (D:14)
  3 manticores
  A merfolk siren (Shoals:4)
  A gargoyle (D:11)
  A rime drake (Lair:6)
  A yaktaur (Vaults:4)
  A polar bear (Lair:6)
  A golden eye (shapeshifter) (Depths:2)
  A water moccasin (Lair:6)
26 creatures vanquished.

Vanquished Creatures (others)
  A golden dragon (Zot:4)
  Aizul (Snake:2)
  A draconian shifter (Zot:4)
  A vault guard (Vaults:2)
  A merfolk aquamancer (Shoals:4)
  An anaconda (Snake:2)
  A centaur warrior (Vaults:2)
  A shadow wraith (Vaults:1)
  3 moths of wrath (Zot:5)
  A slime creature (Depths:1)
  An ogre (D:4)
  2 slaves (D:4)
  2 orc wizards
  A worker ant (D:4)
  11 ball lightnings
  A ball python (D:4)
  11 fungi
  13 plants
  14 tentacles
68 creatures vanquished.

Grand Total: 2591 creatures vanquished
